Map: Temple gelé

Players

Pycckuu - Winner!

  • Race: Protoss Protoss
  • League: Platinum
  • Spawn Location: 11:00

zidar

  • Race: Zerg Zerg
  • League: Platinum
  • Spawn Location: 5:00

VOD

Have the link to the VOD?

Description

Time

  • Played on: Nov. 1, 2016, 3:35 p.m.
  • Length: 6:19
Show
View Real Time Build Order
Export as new Build Order

Pycckuu Protoss - Winner!

Build Orders:  

Get SALT Encoding   

  12  0:04  Probe (Chrono Boost)  
  13  0:15  Probe (Chrono Boost)  
  13  0:19  Pylon  
  14  0:25  Probe (Chrono Boost)  
  15  0:37  Gateway  
  15  0:43  Probe (Chrono Boost)  
  15  0:46  Assimilator  
  16  0:51  Assimilator  
  16  0:53  Probe (Chrono Boost)  
  18  1:04  Probe (Chrono Boost)  
  18  1:09  Forge  
  18  1:15  Probe (Chrono Boost)  
  19  1:28  Probe (Chrono Boost)  
  20  1:38  Probe (Chrono Boost)  
  21  1:46  Pylon  
  21  1:49  Probe (Chrono Boost)  
  21  1:53  Cybernetics Core  
  22  2:07  Photon Cannon  
  22  2:15  Photon Cannon  
  22  2:24  Photon Cannon  
  22  2:52  Pylon  
  22  3:02  Probe (Chrono Boost)  
  23  3:13  Probe (Chrono Boost)  
  23  3:17  Nexus  
  24  3:20  Pylon, Stalker (Chrono Boost)  
  27  3:27  Probe  
  27  3:34  Photon Cannon  
  27  3:46  Stargate  
  27  3:54  Probe  
  28  4:13  Photon Cannon  
  28  4:15  Photon Cannon  
  30  4:17  Mothership Core  
  30  4:34  Fleet Beacon  
  30  4:38  Probe  
  31  4:46  Photon Cannon  
  30  5:21  Tempest (Chrono Boost)  
  34  5:25  Photon Cannon  
  34  5:48  Pylon  
  34  5:54  Probe  
  35  6:03  Robotics Facility  
  39  6:06  Probe  
Show
View Real Time Build Order
Export as new Build Order

zidar Zerg 

Build Orders: Hatch First 

Get SALT Encoding   

  12  0:02  Drone  
  13  0:12  Overlord  
  13  0:18  Drone  
  14  0:30  Drone  
  14  0:31  Drone  
  16  0:54  Hatchery  
  15  0:57  Drone  
  15  1:02  Extractor, Drone  
  16  1:22  Spawning Pool  
  15  1:44  Drone x3  
  18  1:55  Drone  
  18  2:14  Queen  
  20  2:16  Roach Warren  
  19  2:23  Queen  
  21  2:36  Zergling x2  
  24  2:37  Zergling x4  
  24  2:46  Metabolic Boost  
  24  3:04  Roach x2  
  26  3:22  Overlord x3  
  26  3:43  Ravager  
  26  3:46  Roach  
  26  3:47  Roach x3  
  35  3:52  Ravager  
  36  4:02  Overlord  
  36  4:20  Ravager  
  37  4:26  Extractor  
  36  4:39  Drone x4  
  37  5:11  Ravager  
  35  5:20  Ravager  
  36  5:54  Roach  
  36  5:55  Roach x4  
  46  5:57  Overlord  
Tags
 
Add a new tag
Caveats
  • Supply blocks, unpowered buildings, or Contaminate may cause inaccurate times.
  • Supply counts are checked every 10 seconds.